 Dungeon Crawl Stone Soup version 0.30-a0-777-ga9a30cbeda (webtiles) character file.

Game seed: 3608925608339460097

12543 dialectric the Carver (level 11, -11/101 HPs)
             Began as a Minotaur Fighter on Feb 14, 2023.
             Was a High Priest of Lugonu.
             Mangled by a centaur warrior simulacrum (23 damage)
             ... on level 10 of the Dungeon.
             The game lasted 00:17:05 (10341 turns).

dialectric the Carver (Minotaur Fighter)           Turns: 10341, Time: 00:17:06

Health: -11/101    AC: 22    Str: 24    XL:     11   Next: 63%
Magic:  10/10      EV: 10    Int:  5    God:    Lugonu [*****.]
Gold:   316        SH:  6    Dex: 17    Spells: 10/10 levels left

rFire   + . .      SeeInvis +    a - +4 long sword
rCold   . . .      Faith    .    c - +0 buckler
rNeg    . . .      Spirit   .    D - +2 chain mail {rF+}
rPois   .          Reflect  .    (helmet restricted)
rElec   .          Harm     .    C - +0 cloak
rCorr   .          Rampage  +    x - +1 pair of gloves "Fint" {+Blink}
Will    .....                    f - +2 pair of boots {rampage} Stlth
                                 (no amulet)
HPRegen 0.36/turn                i - +6 ring of dexterity
MPRegen 0.12/turn                G - ring of see invisible

@: no status effects
A: horns 2, retaliatory headbutt
a: Renounce Religion, Evoke Blink, Depart the Abyss, Banish, Corrupt, Enter the
Abyss


You were on level 10 of the Dungeon.
You worshipped Lugonu.
Lugonu was extremely pleased with you.
You visited 1 branch of the dungeon, and saw 10 of its levels.
You also visited: Sewer and Ossuary.

You collected 672 gold pieces.
You spent 356 gold pieces at shops.

Inventory:

Hand Weapons
 a - a +4 long sword (weapon)
 s - a -1 demon whip of venom
 J - a +5 falchion
Missiles
 O - a curare-tipped dart (quivered)
Armour
 c - a +0 buckler (worn)
 f - a +2 pair of boots of rampaging (worn)
 x - the +1 pair of gloves "Fint" (worn) {+Blink}
   (You bought it in a shop on level 3 of the Dungeon)

   +Blink:    It lets you blink.
 C - a +0 cloak (worn)
 D - a +2 chain mail of fire resistance (worn)
 K - a +0 pair of boots
 P - a +2 plate armour of willpower
Jewellery
 i - a +6 ring of dexterity (left hand)
 n - a ring of willpower
 o - a ring of willpower
 p - a +6 ring of intelligence
 v - a +6 ring of dexterity
 G - a ring of see invisible (right hand)
Wands
 b - a wand of flame (34)
 m - a wand of roots (5)
 w - a wand of polymorph (9)
 A - a wand of digging (13)
 Q - a wand of mindburst (5)
Scrolls
 h - 4 scrolls of blinking
 j - 5 scrolls of fog
 u - a scroll of vulnerability
 y - 2 scrolls of enchant weapon
 E - 4 scrolls of poison
 F - 8 scrolls of identify
 H - 5 scrolls of immolation
 L - 2 scrolls of teleportation
Potions
 d - 2 potions of lignification
 e - 4 potions of heal wounds
 g - a potion of invisibility {unknown}
 k - 2 potions of cancellation
 l - 6 potions of mutation {unknown}
 q - 7 potions of curing
 r - 2 potions of degeneration {unknown}
 t - 3 potions of haste {unknown}
 z - 2 potions of flight {unknown}
 B - 2 potions of berserk rage {unknown}
 I - a potion of resistance
 M - 2 potions of might
 N - a potion of magic {unknown}


   Skills:
 + Level 10.8 Fighting
 - Level 14.2 Long Blades
 - Level 0.2 Throwing
 - Level 13.0 Armour
 + Level 4.5 Dodging
 * Level 5.0 Shields
 + Level 0.2 Evocations


You had 10 spell levels left.
You didn't know any spells.
Your spell library contained the following spells:

 Spells                   Type           Power      Damage    Failure   Level
 Beastly Appendage        Tmut           0%         N/A       97%         1
 Kiss of Death            Conj/Necr      0%         2d5       97%         1
 Sandblast                Erth           0%         2d4       97%         1
 Slow                     Hex            0%         N/A       97%         1
 Blink                    Tloc           0%         N/A       99%         2
 Lesser Beckoning         Tloc           0%         N/A       99%         2
 Momentum Strike          Conj/Tloc      0%         3d8       99%         2
 Passwall                 Tmut/Erth      0%         N/A       99%         2
 Confusing Touch          Hex            0%         N/A       100%        3
 Ignite Poison            Fire/Tmut/Pois 0%         N/A       100%        3
 Kindle Blastsparks       Fire/Tloc/Air  0%         2d10      100%        3
 Stone Arrow              Conj/Erth      0%         3d7       100%        3
 Dispel Undead            Necr           0%         3d6       100%        4
 Freezing Cloud           Conj/Ice/Air   0%         6-21      100%        5


Dungeon Overview and Level Annotations

Branches:
Dungeon (10/15)            Temple (0/1) D:5            Lair (0/5) D:8
  Sewer (visited)         Ossuary (visited)
    Orc: D:9-12

Altars:
Dithmenos
Fedhas
Gozag
Nemelex Xobeh
Okawaru
Qazlal
Ru
Sif Muna
Trog
Xom
Yredelemnul
Zin
The Shining One
Lugonu

Shops:
D:1 =   D:3 [

Annotations:
D:7 1 runed translucent door, baller8008's ghost, novice DECj


Innate Abilities, Weirdness & Mutations

You have a pair of horns on your head.
You reflexively headbutt those who attack you in melee.


Message History

The centaur warrior simulacrum is lightly damaged.
The centaur warrior simulacrum hits you.
The centaur warrior simulacrum freezes you!!
The centaur warrior simulacrum kicks you but does no damage.
You hit the centaur warrior simulacrum.
The centaur warrior simulacrum is moderately damaged.
The centaur warrior simulacrum hits you but does no damage.
You block the centaur warrior simulacrum's attack.
You slash the centaur warrior simulacrum!
The centaur warrior simulacrum is severely damaged.
The centaur warrior simulacrum hits you but does no damage.
The centaur warrior simulacrum barely misses you.
You barely miss the centaur warrior simulacrum.
You headbutt the centaur warrior simulacrum, but do no damage.
The centaur warrior simulacrum is severely damaged.
The centaur warrior simulacrum barely misses you.
The centaur warrior simulacrum kicks you but does no damage.
Your unstable footing causes you to fumble your attack.
The centaur warrior simulacrum hits you.
The centaur warrior simulacrum freezes you!!
The centaur warrior simulacrum kicks you but does no damage.
You are too injured to fight recklessly!
You are too injured to fight recklessly!
You are too injured to fight recklessly!
You are too injured to fight recklessly!
You are too injured to fight recklessly!
You are too injured to fight recklessly!
The centaur warrior simulacrum barely misses you.
The centaur warrior simulacrum kicks you but does no damage.
The centaur warrior simulacrum hits you but does no damage.
The centaur warrior simulacrum kicks you.
The centaur warrior simulacrum freezes you!!
* * * LOW HITPOINT WARNING * * *
You hit the centaur warrior simulacrum.
You headbutt the centaur warrior simulacrum.
The centaur warrior simulacrum is almost destroyed.
The centaur warrior simulacrum hits you!
* * * LOW HITPOINT WARNING * * *
The centaur warrior simulacrum freezes you!!
You die...

#.............# #
###.............### #
......~~~.........#
###
......~≈~~........#
...
###+.~~~~~........#
... ....≈≈~.~........#
. ...
.....~~~.~~..#'####...
###
......~...~~........#
......~...~~.Z@.....#
.....~~.∩.~~.#####..#
.≈....≈~... .#
.~~...~~..... #
.~~.∩..~.....+
..~...~~.#####
.....~~... ..
..~..~~... ... ...###


You could see a centaur warrior simulacrum.

Vanquished Creatures
  A two-headed ogre (D:6)
  Amaemon (D:8)
  A black mamba (D:10)
  An orange demon (D:8)
  A polar bear (D:10)
  A hornet (D:7)
  5 humans (D:8)
  A wraith (D:9)
  3 wyverns
  15 yaks
  4 steam dragons
  An unseen horror simulacrum (D:10)
  Edmund (D:4)
  A water moccasin (D:5)
  4 orc warriors
  2 hornet zombies (Ossuary)
  3 black bears (D:8)
  2 ice beasts (D:7)
  2 ogres
  A wolf (D:10)
  A sky beast (D:7)
  3 centaurs
  A phantom (D:5)
  3 kobold brigands
  2 bullfrogs
  3 necrophages
  A wyvern zombie (Ossuary)
  2 gnoll sergeants
  8 scorpions
  A water moccasin zombie (Ossuary)
  22 wights
  3 howler monkeys
  An electric eel (D:10)
  7 centaur zombies (Ossuary)
  5 bullfrog zombies (Ossuary)
  2 jellies
  6 hounds
  6 orc priests
  Crazy Yiuf (D:2)
  A gnoll bouda (D:9)
  5 iguanas
  9 orc wizards
  Terence (D:2)
  2 killer bee zombies (Ossuary)
  A centaur simulacrum (D:10)
  12 mummies (Ossuary)
  Robin (D:2)
  11 gnolls
  10 adders
  3 white imps
  An ufetubus (D:7)
  4 worms
  2 dart slugs (D:1)
  26 orcs
  9 bats
  11 endoplasms
  3 giant cockroaches (D:3)
  17 goblins
  9 hobgoblins
  A jackal (D:2)
  2 quokkas (D:1)
  10 ball pythons
  3 frilled lizards
  14 kobolds
  8 rats
305 creatures vanquished.

Vanquished Creatures (others)
  3 fungi (D:8)
  5 plants
  8 withered plants (Ossuary)
16 creatures vanquished.

Grand Total: 321 creatures vanquished

Notes
Turn   | Place    | Note
-------+----------+-------------------------------------------
     0 | D:1      | dialectric the Minotaur Fighter began the quest for the
                  | Orb.
     0 | D:1      | Reached XP level 1. HP: 19/19 MP: 0/0
   168 | D:1      | Reached XP level 2. HP: 27/27 MP: 1/1
   272 | D:1      | Found Wegh's Jewellery Shoppe.
   399 | D:1      | Reached XP level 3. HP: 31/33 MP: 2/2
   568 | D:1      | Reached skill level 3 in Long Blades
  1002 | D:2      | Noticed Robin
  1010 | D:2      | Reached XP level 4. HP: 40/40 MP: 3/3
  1017 | D:2      | Killed Robin
  1308 | D:2      | Reached skill level 4 in Long Blades
  1373 | D:2      | Noticed Terence
  1377 | D:2      | Killed Terence
  1463 | D:2      | Found a runed translucent door.
  1464 | D:2      | Noticed Crazy Yiuf
  1654 | D:3      | Found a glowing drain.
  1697 | D:3      | Reached XP level 5. HP: 43/47 MP: 4/4
  1710 | Sewer    | Entered a sewer
  1856 | Sewer    | Reached skill level 5 in Long Blades
  2213 | Sewer    | Reached skill level 5 in Armour
  2213 | Sewer    | Reached XP level 6. HP: 31/55 MP: 5/5
  2417 | D:3      | Found Orotuhon's Antique Armour Boutique.
  2423 | D:3      | Bought a pair of scorched gloves for 199 gold pieces
  2423 | D:3      | Identified the +1 pair of gloves "Fint" {+Blink} (You
                  | bought it in a shop on level 3 of the Dungeon)
  2581 | D:3      | Noticed an eye of devastation
  2583 | D:3      | Found a faded altar of an unknown god.
  2584 | D:3      | Noticed a golden eye
  2584 | D:3      | Noticed a golden eye
  2584 | D:3      | Noticed an eye of devastation
  2596 | D:3      | Reached skill level 6 in Long Blades
  2637 | D:3      | Prayed at the altar of an unknown god.
  2637 | D:3      | Became a worshipper of Lugonu the Unformed
  2637 | D:3      | Reached * piety under Lugonu
  2774 | D:3      | Reached skill level 5 in Fighting
  2774 | D:3      | Reached skill level 1 in Dodging
  3125 | D:2      | Killed Crazy Yiuf
  3237 | D:4      | Noticed Edmund
  3246 | D:4      | Killed Edmund
  3247 | D:4      | Reached XP level 7. HP: 53/61 MP: 6/6
  3857 | D:4      | Found a bloodstained altar of Trog.
  3871 | D:4      | Found a shimmering blue altar of Sif Muna.
  3875 | D:4      | Got Sif Muna's Treatise on Spellbinding Permutations
  3891 | D:4      | Found a glowing golden altar of the Shining One.
  3893 | D:4      | Noticed an angel
  3918 | D:4      | Reached skill level 7 in Long Blades
  3977 | D:4      | Found a basalt altar of Yredelemnul.
  3979 | D:4      | Noticed a profane servitor
  4041 | D:4      | Reached ** piety under Lugonu
  4146 | D:5      | Entered Level 5 of the Dungeon
  4418 | D:5      | Reached skill level 8 in Long Blades
  4418 | D:5      | Reached XP level 8. HP: 70/70 MP: 7/7
  4523 | D:5      | Found a sacrificial altar of Ru.
  4609 | D:5      | Found a staircase to the Ecumenical Temple.
  4887 | D:5      | Found a shadowy altar of Dithmenos.
  4916 | D:5      | Reached skill level 9 in Long Blades
  4919 | D:5      | Found an iron altar of Okawaru.
  5098 | D:6      | Noticed a two-headed ogre
  5106 | D:6      | Killed a two-headed ogre
  5107 | D:6      | Reached skill level 10 in Long Blades
  5116 | D:6      | Reached XP level 9. HP: 51/77 MP: 8/8
  5269 | D:6      | Found a blossoming altar of Fedhas.
  5455 | D:6      | Reached skill level 11 in Long Blades
  5742 | D:6      | Found a stormy altar of Qazlal.
  5975 | D:7      | Found a shimmering altar of Xom.
  6156 | D:7      | Reached *** piety under Lugonu
  6312 | D:7      | Paralysed by a hornet for 2 turns
  6320 | D:7      | Reached skill level 10 in Armour
  6550 | D:7      | Found a runed translucent door.
  6553 | D:7      | Noticed baller8008's ghost (novice DECj)
  6902 | D:7      | Reached skill level 12 in Long Blades
  6955 | D:7      | Reached XP level 10. HP: 86/86 MP: 9/9
  7015 | D:7      | Found a sparkling altar of Nemelex Xobeh.
  7330 | D:3      | Bought a pair of glowing boots for 157 gold pieces
  7534 | D:8      | Found a staircase to the Lair.
  7676 | D:8      | Found a glowing silver altar of Zin.
  7685 | D:8      | Noticed an orange demon
  7694 | D:8      | Noticed Amaemon
  7723 | D:8      | Killed an orange demon
  7727 | D:8      | Killed Amaemon
  7739 | D:8      | Reached skill level 13 in Long Blades
  7787 | D:8      | Found a sand-covered staircase.
  7794 | Ossuary  | Entered an ossuary
  7916 | Ossuary  | Reached **** piety under Lugonu
  8775 | D:8      | Reached XP level 11. HP: 83/97 MP: 10/10
  9124 | D:9      | Reached ***** piety under Lugonu
  9276 | D:9      | Reached skill level 14 in Long Blades
  9821 | D:9      | Found an opulent altar of Gozag.
  9847 | D:10     | Entered Level 10 of the Dungeon
  9852 | D:10     | Reached skill level 10 in Fighting
 10032 | D:10     | Identified the +8 mace "Buih" {flame, rElec rCorr MP+9
                  | Dex-2}
 10050 | D:10     | Noticed Urug
 10052 | D:10     | Urug changed into Urug the black mamba
 10052 | D:10     | Noticed Urug
 10060 | D:10     | Noticed Maurice
 10065 | D:10     | Killed Urug the black mamba
 10068 | D:10     | Maurice changed into Maurice the endoplasm
 10068 | D:10     | Noticed Maurice
 10071 | D:10     | Killed Maurice the endoplasm
 10296 | D:10     | Reached skill level 5 in Shields
 10341 | D:10     | Mangled by a centaur warrior simulacrum

Illustrated notes

Levels and vault maps discovered:
D:1:      sevenhm_arrival_forest_fort_small_3, layout_basic, serial_shops,
          nicolae_shop_window_shopping, minmay_misc_feat_more_columns,
          minmay_ruptured
D:2:      layout_loops_ring, minmay_domino_2, uniq_crazy_yiuf_cottage,
          uniq_terence, uniq_robin
D:3:      cheibrodos_old_hovel, layout_loops_ring, serial_shops,
          nicolae_shop_hallway_plus, gup_sewer_entry_glass,
          hellmonk_ecumenical_altar_watching_god
D:4:      layout_basic, grunt_temple_overflow_holy_war,
          nzn_overflow_gifts_of_might_and_magic, uniq_edmund, uniq_blork_the_orc
D:5:      layout_loops_ring, nicolae_ru_the_path_less_chosen,
          nicolae_overflow_squiral, minmay_temple_entry_steel_oval,
          grunt_ministairs_8, hangedman_decor_push, due_unseen_surprise
D:6:      cheibrodos_steamvent, layout_basic, mainiacjoe_overflow_brackets,
          nicolae_overflow_crystal_walls
D:7:      layout_gridville, nemelex_diamond_rough_becter, kennysheep_mini_moat,
          ebering_ghost_reflecting_pool, minmay_starry_boxes
D:8:      layout_loops_cross, zin_statuary, grunt_lair_entry_orc_guard_hut,
          chequers_ossuary_entry_cave, roderic_roman_lattice, minmay_ruffians,
          uniq_amaemon
D:9:      layout_basic, lemuel_crystal_altar
D:10:     layout_irregular_city, kennysheep_orc_monster_closet_entryway,
          serial_ice, serial_ice_n, serial_ice_a, serial_ice_f, serial_ice_i,
          uniq_urug, uniq_maurice

Skill      XL: |  1  2  3  4  5  6  7  8  9 10 11 |
---------------+----------------------------------+-----
Shields        | 4 5 |  5.0
Fighting       | 4 5 6 7 9 10 | 10.8
Armour         | 4 5 7 8 10 11 13 | 13.0
Long Blades    | 3 4 5 6 8 10 12 13 14 | 14.2
Dodging        | 1 4 |  4.5
Throwing       | |  0.2
Evocations     | |  0.2

Action                     |  1- 3 |  4- 6 |  7- 9 | 10-12 || total
---------------------------+-------+-------+-------+-------++-------
  Melee: Long sword        |   107 |    27 |   242 |   131 ||   507
         Headbutt          |    18 |    39 |    73 |   104 ||   234
         Short sword       |       |   139 |       |       ||   139
         Punch             |       |     3 |       |       ||     3
         Falchion          |       |       |    70 |   375 ||   445
         Unarmed           |       |       |       |    16 ||    16
  Throw: Dart              |       |       |     1 |     5 ||     6
  Evoke: Wand              |       |       |       |     3 ||     3
    Use: Scroll            |       |     1 |     5 |     9 ||    15
         Potion            |       |     2 |     2 |     4 ||     8
 Armour: Scale mail        |    61 |    63 |       |       ||   124
         Chain mail        |       |       |   169 |   238 ||   407
         Skin              |       |       |       |     6 ||     6
  Dodge: Dodged            |    54 |    74 |   119 |   178 ||   425
  Block: Buckler           |       |       |    89 |   120 ||   209

Table legend: (Time is in decaauts)
 A = Elapsed time spent in this place.
 B = Non-inter-level travel time spent in this place.
 C = Inter-level travel time spent in this place.
 D = Time resting spent in this place.
 E = Time spent auto-exploring this place.
 F = Levels seen in this place.
 G = Mean time per level.
                   A        B        C        D        E       F      G
               +--------+--------+--------+--------+--------+-----+--------+
         Total |  10315 |   9901 |    414 |    774 |   6682 |  12 |  859.6 |
       Dungeon |   9194 |   8780 |    414 |    637 |   6163 |  10 |  919.4 |
         Sewer |    689 |    689 |      0 |    137 |    296 |   1 |  689.0 |
       Ossuary |    432 |    432 |      0 |      0 |    222 |   1 |  432.0 |
               +--------+--------+--------+--------+--------+-----+--------+

Top non-repeatable levels by time:
     D:7: 1303 daAuts
     D:9: 1030 daAuts
     D:8: 1027 daAuts
     D:3: 1000 daAuts
     D:4: 958 daAuts
     D:5: 936 daAuts
     D:6: 934 daAuts
     D:2: 918 daAuts
     D:1: 742 daAuts
   Sewer: 689 daAuts
 Ossuary: 432 daAuts
    D:10: 342 daAuts
